 Dungeon Crawl Stone Soup version 0.22-a0-38-gc6ec8ce517 (webtiles) character file.

54 Manul the Skirmisher (level 3, -4/33 HPs)
             Began as a Draconian Monk on Jan 4, 2018.
             Killed by divine providence
             ... invoked by an orc priest
              (16 damage)
             ... on level 3 of the Dungeon.
             The game lasted 00:01:20 (1639 turns).

Manul the Skirmisher (Draconian Monk)               Turns: 1639, Time: 00:01:20

Health: -4/33      AC:  7    Str: 13    XL:     3   Next: 66%
Magic:  3/3        EV: 13    Int: 10    God:
Gold:   128        SH:  0    Dex: 14    Spells: 2/2 levels left

rFire    . . .     SeeInvis .   a - +0 spear
rCold    . . .     Gourm    .   (no shield)
rNeg     . . .     Faith    .   (armour unavailable)
rPois    .         Spirit   .   (helmet restricted)
rElec    .         Reflect  .   f - +0 cloak
rCorr    .         Harm     .   d - +0 pair of gloves
MR       .....                  (no boots)
Stlth    ++........             (no amulet)
HPRegen  0.11/turn              (no ring)
MPRegen  0.08/turn              (no ring)

@: no status effects
A: unfitting armour, cold-blooded, AC +5
a: no special abilities


You were on level 3 of the Dungeon.
You were not hungry.

You visited 1 branch of the dungeon, and saw 3 of its levels.

You collected 128 gold pieces.

Inventory:

Hand Weapons
 a - a +0 spear (weapon)
Missiles
 c - a throwing net
Armour
 d - a +0 pair of gloves (worn)
 f - a +0 cloak (worn)
Scrolls
 e - 2 scrolls of teleportation {unknown}
 g - a scroll of fog {unknown}
 h - a scroll of remove curse {unknown}
Potions
 j - 2 potions of curing {unknown}
Comestibles
 b - 5 rations
 i - 8 chunks of flesh


   Skills:
 + Level 3.8 Fighting
 + Level 3.7 Polearms
 + Level 3.0 Dodging
 + Level 2.2 Stealth


You had 2 spell levels left.
You didn't know any spells.

Dungeon Overview and Level Annotations

Branches:
Dungeon (3/15)

Altars:


Innate Abilities, Weirdness & Mutations

Your plain brown scales are hard. (AC +5)
You cannot fit into any form of body armour.
You are cold-blooded and may be slowed by cold attacks.


Message History

You closely miss the orc priest.
Your tail-slap misses the orc priest.
The orc priest is almost dead.
The orc priest invokes the aid of Beogh against you.
Pain shoots through your body!
You are too injured to fight recklessly!
You are too injured to fight recklessly!
You are too injured to fight recklessly!
You are too injured to fight recklessly!
You are too injured to fight recklessly!
You are too injured to fight recklessly!
You are too injured to fight recklessly!
You are too injured to fight recklessly!
You are too injured to fight recklessly!
You barely miss the orc priest.
The orc priest is almost dead.
You barely miss the orc priest.
The orc priest is almost dead.
The orc priest mumbles some strange prayers to Beogh against you.
Beogh smites you!
You die...

. # # . >...###
#. .#. .# #......
.###.###. #......
..#.#.. #.#.###
#.#.#.# #.#.###
#.#.#.# #.#.... #
#.....# #.#.###
#####.##.###.#
#.#.##.
......o@.# #.#
#.#.##.
########.###.#
#.#.##.
#.....#####.#..).
#.###..)....(..#.
#.# #######.#.##.
#.# #...... #.#
###.### .#
########.#
.......>.###


You could see an orc priest.

Vanquished Creatures
  A worker ant zombie (D:2)
  A worm (D:2)
  A dart slug (D:3)
  A leopard gecko (D:2)
  5 orcs (D:3)
  A ball python (D:3)
  3 giant cockroaches
  3 goblins
  3 hobgoblins
  2 kobolds (D:1)
  2 quokkas
  A bat (D:1)
  6 rats
30 creatures vanquished.

Notes
Turn   | Place    | Note
-------+----------+-------------------------------------------
     0 | D:1      | Manul the Draconian Monk began the quest for the Orb.
     0 | D:1      | Reached XP level 1. HP: 19/19 MP: 1/1
   305 | D:1      | Reached XP level 2. HP: 16/26 MP: 2/2
  1281 | D:2      | Reached XP level 3. HP: 23/33 MP: 3/3
  1639 | D:3      | Killed from afar by an orc priest

Vault maps used:
D:1:      scummos_arrival_checkerplants

Skill      XL: |  1  2  3 |
---------------+----------+-----
Stealth        | 2 |  2.2
Dodging        | 3 |  3.0
Fighting       | |  3.8
Polearms       | |  3.7

Action                   || total
-------------------------++-------
Melee: Spear             ||   125
       Tailslap          ||    18
 Stab: Sleeping          ||     6
  Eat: Chunk             ||     2
Armor: Skin              ||    28
Dodge: Dodged            ||    39

Table legend:
 A = Spawn XP
 B = Non-spawn XP
 C = Spawn XP percentage of total XP
 D = Spawn monster count
 E = Non-spawn monster count
 F = Spawn count percentage of total count
 G = Total turns spent on level
                    A         B        C        D         E        F      G
               +---------+---------+-------+---------+---------+-------+---------
         Total |       0 |      78 |   0.0 |       0 |      30 |   0.0 |  1639
               +---------+---------+-------+---------+---------+-------+---------
           D:1 |       0 |      19 |   0.0 |       0 |      12 |   0.0 |   997
           D:2 |       0 |      31 |   0.0 |       0 |       7 |   0.0 |   493
           D:3 |       0 |      28 |   0.0 |       0 |      11 |   0.0 |   149
               +---------+---------+-------+---------+---------+-------+---------
